 Dungeon Crawl Stone Soup version 0.21-b1-21-g86478ac (webtiles) character file.

280 Plasmagod the Charmwright (level 6, -4/46 HPs)
             Began as a Human Skald on Jan 4, 2018.
             Was a Follower of Dithmenos.
             Slain by a leopard gecko (5 damage)
             ... on level 4 of the Dungeon.
             The game lasted 00:11:31 (2240 turns).

Plasmagod the Charmwright (Human Skald)             Turns: 2240, Time: 00:11:31

Health: -4/46      AC:  3    Str: 13    XL:     6   Next: 52%
Magic:  3/10       EV: 12    Int: 13    God:    Dithmenos [*.....]
Gold:   106        SH:  0    Dex: 13    Spells: 7/10 levels left

rFire    . . .     SeeInvis .   g - +1 dagger (freeze)
rCold    . . .     Gourm    .   (no shield)
rNeg     . . .     Faith    .   b - +0 leather armour
rPois    .         Spirit   .   (no helmet)
rElec    .         Reflect  .   (no cloak)
rCorr    .         Harm     .   (no gloves)
MR       .....                  (no boots)
Stlth    ++........             (no amulet)
HPRegen  0.15/turn              (no ring)
MPRegen  0.12/turn              (no ring)

@: infused, wreathed by umbra
A: no striking features
a: Renounce Religion


You were on level 4 of the Dungeon.
You worshipped Dithmenos.
Dithmenos was aware of your devotion.
You were not hungry.

You visited 1 branch of the dungeon, and saw 4 of its levels.

You collected 106 gold pieces.

Inventory:

Hand Weapons
 a - a +0 falchion
 g - a +1 dagger of freezing (weapon)
Armour
 b - a +0 leather armour (worn)
Scrolls
 h - a scroll of identify
 j - a scroll of teleportation
 l - a scroll of immolation {unknown}
 q - a scroll of amnesia {unknown}
Potions
 e - a potion of haste
 i - a potion of magic
 m - 2 potions of mutation {unknown}
 n - a potion of ambrosia {unknown}
 o - a potion of heal wounds {unknown}
 p - a potion of lignification {unknown}
Books
 c - a book of Battle

   Spells                             Type                      Level
   a - Infusion                       Charms                       1
   b - Shroud of Golubria             Charms/Translocation         2
   c - Song of Slaying                Charms                       2
   d - Spectral Weapon                Hexes/Charms                 3
   e - Regeneration                   Charms/Necromancy            3
Comestibles
 d - 10 rations
 f - 3 chunks of flesh


   Skills:
 + Level 2.6 Fighting
 + Level 2.6(3.2) Short Blades
 + Level 2.7(3.2) Long Blades
 + Level 2.4 Armour
 + Level 2.4 Dodging
 + Level 0.8 Stealth
 + Level 2.7 Spellcasting
 + Level 4.0 Charms


You had 7 spell levels left.
You knew the following spells:

 Your Spells              Type           Power        Failure   Level  Hunger
a - Infusion              Chrm           ##..         5%          1    #......
b - Shroud of Golubria    Chrm/Tloc      #.........   21%         2    ###....


Dungeon Overview and Level Annotations

Branches:
Dungeon (4/15)
 Temple: D:4-7

Altars:
Dithmenos
Kikubaaqudgha
Makhleb
Ru
Trog
Yredelemnul

Annotations:
D:4 Dowan, Duvessa


Message History

Dowan says, "Stay away from my face!"
Dowan barely misses you. The leopard gecko misses you.
Duvessa closely misses you.
You hit Duvessa. You freeze Duvessa.
Duvessa is heavily wounded.
Dowan points at you and mumbles some strange words.
The puff of flame hits you! The leopard gecko barely misses you.
Duvessa barely misses you.
You hit Duvessa but do no damage.
Duvessa is heavily wounded.
Duvessa hits you with a short sword!
* * * LOW HITPOINT WARNING * * *
Your shroud falls apart!
The leopard gecko bites you.
* * * LOW HITPOINT WARNING * * *
Dowan hits you but does no damage.
You feel better. Duvessa hits you with a short sword!
* * * LOW HITPOINT WARNING * * *
The leopard gecko bites you.
You die...

########### ..........#
.########.# .#..<...#.#
รท#.#.##.#.##############
.#.#.##.#........!......
.......[........@e......
.#.#.##.#####.#.el......
.#.#.##. #(#.........
.#.#.## #.#.#.#..<..
.#.#.. #.#.#.#.$... .#.#
#.#.#.# .... .#.# #.#....
... . .# #.#...# ...


You could see Duvessa, Dowan and a leopard gecko.

Vanquished Creatures
  Sigmund (D:2)
  A hound (D:3)
  Jessica (D:2)
  2 adders
  2 leopard geckos
  An orc (D:3)
  6 bats
  4 giant cockroaches
  3 goblins
  4 hobgoblins
  6 jackals
  A frilled lizard (D:2)
  2 gnoll zombies (D:2)
  6 kobolds
  7 rats
47 creatures vanquished.

Notes
Turn   | Place    | Note
-------+----------+-------------------------------------------
     0 | D:1      | Plasmagod the Human Skald began the quest for the Orb.
     0 | D:1      | Reached XP level 1. HP: 16/16 MP: 3/3
    97 | D:1      | Reached XP level 2. HP: 17/22 MP: 1/5
   510 | D:2      | Reached XP level 3. HP: 27/27 MP: 2/6
   543 | D:2      | Found an ancient bone altar of Kikubaaqudgha.
   612 | D:2      | Noticed Sigmund
   636 | D:2      | Killed Sigmund
   636 | D:2      | Reached XP level 4. HP: 7/34 MP: 0/7
   636 | D:2      | Reached XP level 5. HP: 8/39 MP: 0/8
   916 | D:2      | Found a bloodstained altar of Trog.
   936 | D:2      | Reached XP level 6. HP: 46/46 MP: 9/9
  1021 | D:2      | Found a faded altar of an unknown god.
  1049 | D:2      | Became a worshipper of Dithmenos the Shadowed
  1049 | D:2      | Reached * piety under Dithmenos
  1077 | D:2      | Noticed Jessica
  1093 | D:2      | Killed Jessica
  1131 | D:2      | Learned a level 2 spell: Shroud of Golubria
  1217 | D:2      | Found a basalt altar of Yredelemnul.
  1472 | D:3      | Found a burning altar of Makhleb.
  1518 | D:3      | Found a sacrificial altar of Ru.
  1661 | D:3      | Reached skill level 4 in Charms
  2225 | D:4      | Noticed Dowan
  2227 | D:4      | Noticed Duvessa
  2240 | D:4      | HP: 1/46 [Duvessa/short sword (9)]
  2240 | D:4      | Slain by a leopard gecko

Skill      XL: |  1  2  3  4  5  6 |
---------------+-------------------+-----
Short Blades   | 2 |  2.6
Armour         | 2 |  2.4
Charms         | 4 |  4.0
Fighting       | |  2.6
Long Blades    | |  2.7
Dodging        | |  2.4
Stealth        | |  0.8
Spellcasting   | |  2.7

Action                   |  1- 3 |  4- 6 || total
-------------------------+-------+-------++-------
Melee: Dagger            |    58 |   118 ||   176
       Falchion          |     7 |       ||     7
 Cast: Infusion          |     8 |     5 ||    13
       Shroud of Golubri |       |     2 ||     2
  Use: Potion            |     3 |     1 ||     4
       Scroll            |       |     3 ||     3
 Stab: Sleeping          |       |     1 ||     1
  Eat: Chunk             |       |     5 ||     5
Armor: Leather armour    |    11 |    22 ||    33
Dodge: Dodged            |    42 |    88 ||   130
       Rpst.: Falchion   |     1 |       ||     1
